 Dungeon Crawl Stone Soup version 0.20.1-1-g8b1a95d (webtiles) character file.

91 Mitsuki the Digger (level 4, -5/24 HPs)
             Began as a Gargoyle Earth Elementalist on Oct 4, 2017.
             Slain by an orc
             ... wielding a +0 flail
              (7 damage)
             ... on level 2 of the Dungeon.
             The game lasted 00:06:57 (2516 turns).

Mitsuki the Digger (Gargoyle Earth Elementalist)    Turns: 2516, Time: 00:06:58

Health: -5/24      AC:  5    Str: 12    XL:     4   Next: 59%
Magic:  4/8        EV: 17    Int: 16    God:
Gold:   34         SH:  0    Dex: 15    Spells: 5/9 levels left

rFire    . . .     SeeInvis .   i - +0 whip
rCold    . . .     Gourm    .   (no shield)
rNeg     + . .     Faith    .   c - +0 robe
rPois    ∞         Spirit   .   (no helmet)
rElec    +         Reflect  .   (no cloak)
rCorr    +         Harm     .   (no gloves)
MR       .....                  (no boots)
Stlth    +++.......             (no amulet)
Regen    0.1/turn               a - ring of flight
MPRegen  0.2/turn               r - ring of resist corrosion

@: agile
A: negative energy resistance 1, electricity resistance, unbreathing,
petrification resistance, rot immunity, AC +3
a: Evoke Flight


You were on level 2 of the Dungeon.
You were hungry.

You visited 1 branch of the dungeon, and saw 3 of its levels.

You collected 34 gold pieces.

Inventory:

Hand Weapons
 i - a +0 whip (weapon)
 j - a +0 dagger
Missiles
 b - 102 stones (quivered)
Armour
 c - a +0 robe (worn)
Jewellery
 a - a ring of flight (left hand)
 r - a ring of resist corrosion (right hand)
Wands
 w - a wand of random effects (23/48)
Scrolls
 g - a scroll of fear {unknown}
 h - 4 scrolls of identify {unknown}
 n - 2 scrolls of remove curse {unknown}
 o - a scroll of blinking {unknown}
 p - a scroll of fog {unknown}
 t - a scroll of enchant weapon {unknown}
 u - a scroll of amnesia {unknown}
Potions
 f - a potion of mutation {unknown}
 q - 2 potions of heal wounds {unknown}
 s - 3 potions of agility
 v - a potion of degeneration {unknown}
Books
 e - a book of Geomancy

   Spells                             Type                      Level
   a - Sandblast                      Earth                        1
   b - Passwall                       Transmutation/Earth          2
   c - Stone Arrow                    Conjuration/Earth            3
   d - Petrify                        Transmutation/Earth          4
   e - Lee's Rapid Deconstruction     Earth                        5
Comestibles
 d - 3 bread rations
 k - a meat ration
 l - 4 fruits
 m - a royal jelly


   Skills:
 - Level 1.5 Dodging
 - Level 2.1 Stealth
 + Level 3.0 Spellcasting
 + Level 1.8 Conjurations
   Level 0.7 Transmutations
 + Level 4.9 Earth Magic


You had 5 spell levels left.
You knew the following spells:

 Your Spells              Type           Power        Failure   Level  Hunger
a - Sandblast             Erth           ###...       2%          1    #......
b - Stone Arrow           Conj/Erth      ##....       14%         3    ###....


Dungeon Overview and Level Annotations

Branches:
Dungeon (3/15)

Altars:

Annotations:
D:3 Jessica


Innate Abilities, Weirdness & Mutations

You are resistant to torment.
Your stone body is resilient. (AC +3)
You are immune to poison.
You resist negative energy. (rN+)
You are resistant to electric shocks. (rElec)
You can survive without breathing.
You are immune to petrification.
You are immune to rotting.


Message History

You closely miss the orc.
The orc is heavily wounded.
The orc hits you with a short sword.
* * * LOW HITPOINT WARNING * * *
You closely miss the orc.
The orc is heavily wounded.
The orc misses you. x2
You barely miss the orc.
The orc is heavily wounded.
The orc completely misses you. The orc hits you with a flail.
* * * LOW HITPOINT WARNING * * *
You barely miss the orc.
The orc is heavily wounded.
The orc hits you but does no damage. The orc completely misses you.
The orc hits you with a short sword.
* * * LOW HITPOINT WARNING * * *
It was a potion of agility.
You feel agile all of a sudden. The orc hits you with a flail!
You die...

###.### #.# #.# #.....#
#.# #.#
###.#.#.########.# #)#
#.............##.# #.#
#.#.#.#.#####.##.# #)#
#.#.....# #.##.# #.#
#.###.### #.##.# ###.#
#.# #.### #.##o# #...#
#.###...# #>##@# #.###
...####.# #.##o# #.# #..#
#.# #.##.# #.# #..# #.#
#.##.# ######.#
#..####.#####.##.#
#....#.# #
.......#....<.##.##
#.##.#.# #
##.####.##........#
#.##.#.# # #.#
#.########..######.##.#.#
# #.# #.#
#..##..........###


You could see 2 orcs.

Vanquished Creatures
  An orc priest (D:3)
  An adder (D:2)
  A dart slug (D:2)
  A leopard gecko (D:1)
  3 giant cockroaches
  7 hobgoblins
  9 jackals
  5 bats
  2 frilled lizards
  5 goblins (D:1)
  6 kobolds
  9 rats
50 creatures vanquished.

Notes
Turn   | Place    | Note
-------+----------+-------------------------------------------
     0 | D:1      | Mitsuki the Gargoyle Earth Elementalist began the quest for the Orb.
     0 | D:1      | Reached XP level 1. HP: 10/10 MP: 3/3
   382 | D:1      | Reached skill level 4 in Earth Magic
   382 | D:1      | Reached XP level 2. HP: 6/15 MP: 5/5
  1368 | D:1      | Reached XP level 3. HP: 18/19 MP: 6/6
  1384 | D:1      | Learned a level 3 spell: Stone Arrow
  2085 | D:2      | Reached skill level 1 in Conjurations
  2197 | D:2      | Reached XP level 4. HP: 13/24 MP: 8/8
  2474 | D:3      | Noticed Jessica
  2516 | D:2      | Slain by an orc

Skill      XL: |  1  2  3  4 |
---------------+-------------+-----
Earth Magic    | 4 |  4.9
Conjurations   | 1 |  1.8
Spellcasting   | 3 |  3.0
Dodging        | |  1.5
Stealth        | |  2.1
Transmutations | |  0.7

Action                   |  1- 3 |  4- 6 || total
-------------------------+-------+-------++-------
Melee: Unarmed           |    41 |       ||    41
       Dagger            |    74 |       ||    74
       Whip              |   145 |    19 ||   164
 Cast: Sandblast         |    12 |     5 ||    17
  Use: Potion            |       |     1 ||     1
 Stab: Sleeping          |     1 |       ||     1
  Eat: Chunk             |     3 |     2 ||     5
Armor: Robe              |    93 |    10 ||   103
Dodge: Dodged            |   177 |    15 ||   192
